 Dungeon Crawl Stone Soup version 0.18.1-8-gdd0e5ea (webtiles) character file.

292 Metae the Archer (level 6, -3/40 HPs)
             Began as a High Elf Hunter on June 3, 2016.
             Was an Initiate of Qazlal.
             Slain by an ogre
             ... wielding a +0 giant club
              (18 damage)
             ... on level 4 of the Dungeon.
             The game lasted 00:30:21 (4007 turns).

Metae the Archer (High Elf Hunter)                  Turns: 4007, Time: 00:30:22

Health: -3/40      AC:  9    Str: 11    XL:     6   Next: 10%
Magic:  10/10      EV:  5    Int: 16    God:    Qazlal [......]
Gold:   249        SH:  0    Dex: 17    Spells: 0 memorised, 9 levels left

rFire  . . .     SeeInvis .     a - +1 shortbow
rCold  . . .     Gourm    .     q - +0 chain mail
rNeg   . . .     Faith    .     (shield currently unavailable)
rPois  .         Spirit   .     (no helmet)
rElec  .         Dismiss  .     (no cloak)
rCorr  .         Reflect  .     (no gloves)
SustAt .         Harm     .     m - +0 pair of boots
MR     .....                    (no amulet)
Stlth  ..........               (no ring)
                                (no ring)

@: not resistant to hostile enchantments, extremely unstealthy
A: no striking features
a: Renounce Religion


You were on level 4 of the Dungeon.
You worshipped Qazlal.
Qazlal was noncommittal.
You were not hungry.

You visited 1 branch of the dungeon, and saw 4 of its levels.

You collected 249 gold pieces.

Inventory:

Hand Weapons
 a - a +1 shortbow (weapon)
 b - a +0 short sword
 h - a +0 spear
 y - a +1 short sword of venom
Missiles
 d - 14 arrows (quivered)
Armour
 c - a +0 leather armour
 m - a +0 pair of boots (worn)
 q - a +0 chain mail (worn)
Jewellery
 x - an uncursed ring of loudness
Wands
 v - a wand of paralysis (10/24)
Scrolls
 e - a scroll of magic mapping {unknown}
 k - a scroll of identify {unknown}
 l - 2 scrolls of enchant weapon {unknown}
 p - 4 scrolls of remove curse
 w - a scroll of noise {unknown}
 A - a scroll of blinking {unknown}
 B - 2 scrolls of immolation {unknown}
Potions
 i - 2 potions of agility
 j - a potion of resistance {unknown}
 n - a potion of flight {unknown}
 o - a potion of invisibility {unknown}
 r - 2 potions of might {unknown}
 u - a potion of magic {unknown}
Comestibles
 f - 3 bread rations
 g - a beef jerky
 s - 2 fruits
 t - a slice of pizza
 z - 2 meat rations


   Skills:
 + Level 2.3 Fighting
 + Level 8.8 Bows
 + Level 0.5 Armour
 + Level 2.6 Dodging
 - Level 1.1 Stealth
 * Level 2.1 Spellcasting


You had 9 spell levels left.
You didn't know any spells.

Dungeon Overview and Level Annotations

Branches:
Dungeon (4/15)
 Temple: D:4-7

Altars:
Cheibriados
Dithmenos
Elyvilon
Gozag
Kikubaaqudgha
Qazlal
Xom


Message History

Firing (i - inventory):
d - 17 arrows (quivered)
Press: ? - help, Shift-Dir - straight line, f/p - ogre
Aim: an ogre, wielding a giant club (heavily wounded)
You shoot an arrow. The arrow barely misses the ogre.
Firing (i - inventory):
d - 16 arrows (quivered)
Press: ? - help, Shift-Dir - straight line, f/p - ogre
Aim: an ogre, wielding a giant club (heavily wounded)
You shoot an arrow. The arrow hits the ogre!
The ogre is severely wounded.
The ogre hits you with a giant club.
* * * LOW HITPOINT WARNING * * *
You are too injured to fight recklessly!
The ogre hits you but does no damage.
Firing (i - inventory):
d - 15 arrows (quivered)
Press: ? - help, Shift-Dir - straight line, f/p - ogre
Aim: an ogre, wielding a giant club (severely wounded)
You shoot an arrow. The arrow hits the ogre.
The ogre is almost dead.
The ogre hits you with a giant club!!
You die...

########.#.##.<#
#####....#.........
#.............#....
##.##....#.#######.
#.##....#>........
#.##.........#####
#.##.........'....
#.######.....###.# #@#
#.....# #.#
#O#########'## #.#
#.........#.# #.#
#########.#.# #.# #######
#.#.####'# #.....#
#.........
#.###(###########.##....
#.# #.............##....
##.######################


You could see an ogre.

Vanquished Creatures
  A hound (D:4)
  A giant frog skeleton (D:4)
  An iguana (D:3)
  10 adders
  4 gnolls (D:2)
  2 oozes
  2 giant geckos
  An orc (D:3)
  2 giant cockroaches
  7 hobgoblins
  4 jackals (D:2)
  5 kobolds
  3 quokkas
  10 bats
  4 giant newts
  8 goblins
  10 rats
75 creatures vanquished.

Notes
Turn   | Place    | Note
--------------------------------------------------------------
     0 | D:1      | Metae the High Elf Hunter began the quest for the Orb.
     0 | D:1      | Reached XP level 1. HP: 14/14 MP: 2/2
   338 | D:1      | Reached XP level 2. HP: 19/19 MP: 3/3
   568 | D:1      | Reached skill level 6 in Bows
  1246 | D:2      | Reached XP level 3. HP: 21/24 MP: 4/4
  1301 | D:2      | Reached skill level 7 in Bows
  1334 | D:2      | Reached XP level 4. HP: 28/29 MP: 5/5
  1845 | D:2      | Found a shimmering altar of Xom.
  2038 | D:2      | Found a shadowy altar of Dithmenos.
  2038 | D:2      | Found a white marble altar of Elyvilon.
  2175 | D:3      | Reached XP level 5. HP: 34/34 MP: 5/7
  2305 | D:3      | Reached skill level 1 in Spellcasting
  2348 | D:3      | Reached skill level 8 in Bows
  3214 | D:4      | Found an ancient bone altar of Kikubaaqudgha.
  3223 | D:4      | Found a stormy altar of Qazlal.
  3235 | D:4      | Became a worshipper of Qazlal Stormbringer
  3243 | D:4      | Found a snail-covered altar of Cheibriados.
  3252 | D:4      | Found an opulent altar of Gozag.
  3904 | D:4      | Reached XP level 6. HP: 38/40 MP: 10/10
  4007 | D:4      | Slain by an ogre

Skill      XL: |  1  2  3  4  5 |
---------------+----------------+-----
Bows           | 6 7 8 |  8.8
Spellcasting   | 2 |  2.1
Fighting       | |  2.3
Armour         | |  0.5
Dodging        | |  2.6
Stealth        | |  1.1

Action                   |  1- 3 |  4- 6 || total
-------------------------+-------+-------++-------
Melee: Shortbow          |     3 |       ||     3
 Fire: Shortbow          |    86 |   163 ||   249
  Use: Scroll            |       |     1 ||     1
  Eat: Bread ration      |     1 |     1 ||     2
Armor: Leather armour    |     8 |       ||     8
       Chain mail        |    11 |    83 ||    94
Dodge: Dodged            |    19 |    29 ||    48
